[Event "CCC-IM 2022"]
[Site "Ballerup"]
[Date "2022.05.27"]
[Round "4.4"]
[White "Jacobsen, Mikkel Manosri"]
[Black "Nielsen, Thomas Bach"]
[Result "1/2-1/2"]
[ECO "A80"]
[WhiteElo "2251"]
[BlackElo "2189"]
[Annotator "TA"]
[PlyCount "118"]
[EventDate "2022.05.25"]
[EventType "tourn"]
[EventCountry "DEN"]
[SourceTitle "playchess.com"]
[Source "ChessBase"]
[SourceQuality "1"]
[TimeControl "5400+30"]

1. d4 f5 2. Nc3 Nf6 3. Bg5 d5 4. Bxf6 exf6 5. e3 Be6 6. Qf3 Nc6 7. Bd3 Qd7 8. Nge2 {[%emt 0:00:09] A80: Dutch Defence: Unusual White second moves.} Nb4 9. Nf4 Nxd3+ {[%emt 0:01:33] is the legacy move (9...Bf7).} 10. cxd3 O-O-O {[%emt 0:03:49] [#]} 11. h3 $146 (11. Nxe6 $11 Qxe6 12. O-O) ({Predecessor:} 11. Nxe6 Qxe6 12. O-O-O g6 13. Kb1 Bb4 14. Ne2 Bd6 15. h4 Rhg8 16. Nf4 Bxf4 17. Qxf4 {1-0 (48) Alonso Alvarez,A (2284)-Hernandez Leon,S (2157) Las Palmas 2019}) 11... Bf7 $15 12. g4 g5 13. Nfe2 Bg6 14. gxf5 Qxf5 15. Qxf5+ Bxf5 16. e4 dxe4 17. dxe4 Bg6 18. h4 h5 19. f4 (19. f3 $11 {remains equal.}) 19... gxf4 $17 20. Kf2 ({Don't blunder} 20. Nxf4 $2 Bxe4 $1 21. Rf1 (21. Nxe4 $2 Rxd4 22. Kf2 Rxe4 $19) 21... Bf5 $19) 20... Bf7 21. Rad1 Be6 22. Nxf4 Bg4 23. Rd3 Bd6 24. Ke3 c5 25. Ncd5 Kb8 $1 26. dxc5 Bxc5+ {[%emt 0:01:49] This bishop pair is nice.} 27. Kd2 Bd6 $1 28. Rf1 f5 29. Ng6 fxe4 30. Nxh8 {[%emt 0:00:20] Threatens to win with Nf7.} exd3 31. Nf7 (31. Ng6 $17) 31... Rf8 $19 {[%emt 0:01:05] And now ...Be6 would win.} 32. Rf6 {[%emt 0:11:41] Prevents Be6.} Bg3 33. Ne3 $2 (33. Rg6 Bxh4 34. Nd6) 33... Bxh4 34. Rf1 Be6 35. Rh1 Bf6 ({But not} 35... Bxf7 $2 36. Rxh4 Bxa2 37. Rxh5 $19) 36. Nd6 h4 37. Ne4 h3 (37... Be7 $142 38. Kxd3 Bxa2) 38. Nxf6 Rxf6 {[%emt 0:00:02][%mdl 4096] Endgame KRB-KRN} 39. Rh2 {[%emt 0:00:44] Prevents Rf2+.} Bxa2 40. Rxh3 Rd6 41. Nf5 {[%emt 0:01:40] [#]} (41. Nd1 $17 {keeps fighting.}) 41... Rd7 (41... Rb6 $1 $19 42. Rh8+ Kc7 43. Rh7+ Kd8 44. Rh8+ Kd7 45. Rh7+ Kd8 46. Rh8+ Kd7 47. Rh7+ Kc6 48. Rh6+ Kc5 49. Rxb6 Kxb6) 42. Ng3 (42. Rh4 $17 {was necessary.}) 42... Bc4 43. Ne4 b6 44. Rh6 Kc7 45. Nf6 (45. Kc3 $17 {is a better defense.}) 45... Re7 {[%emt 0:00:45] Hoping for ...Re2+.} 46. Kc3 b5 {[%emt 0:00:53] aiming for ...Re2.} 47. b3 Be6 (47... d2 $1 $19 48. Kxd2 Bxb3) 48. Rh5 Kc6 {[%emt 0:00:25][%cal Ob5b4] Strongly threatening ...b4+!} 49. Re5 {[%emt 0:00:09] [#]} a6 (49... b4+ $1 $17 50. Kd2 Kd6) 50. Ne4 $11 Rc7 {[%emt 0:01:39] ...Kb6+ is the strong threat.} 51. Nc5 Kd6 52. Rxe6+ {[%emt 0:00:07] The position is equal.} Kxc5 53. Rxa6 {[%emt 0:00:12] KR-KR} Rd7 (53... d2 {with more complications.} 54. Ra1 Rh7 55. b4+ Kd5) 54. b4+ Kd5 55. Kxd3 Rh7 56. Rg6 Rh3+ 57. Kc2 Kc4 58. Rg4+ Kd5 59. Rg5+ Kc4 {Whites escaped into a draw.  Weighted Error Value: White=0.25 (precise) /Black=0.24 (precise)} 1/2-1/2

[Event "CCC-IM 2022"]
[Site "Ballerup"]
[Date "2022.05.27"]
[Round "4.5"]
[White "Casper Yukun Liu"]
[Black "Kenneskog, Theodor"]
[Result "1/2-1/2"]
[ECO "E04"]
[WhiteElo "2218"]
[BlackElo "2296"]
[Annotator "TA"]
[PlyCount "112"]
[EventDate "2022.05.25"]
[EventType "tourn"]
[EventCountry "DEN"]
[SourceTitle "playchess.com"]
[Source "ChessBase"]
[SourceQuality "1"]
[TimeControl "5400+30"]

1. d4 d5 2. Nf3 Nf6 3. c4 e6 4. g3 dxc4 5. Bg2 c5 6. O-O Nc6 7. dxc5 Qxd1 8. Rxd1 Bxc5 9. Nbd2 c3 10. bxc3 O-O 11. Nb3 Be7 {[%emt 0:00:06] E04: Open Catalan: 5 Nf3.} 12. Nfd4 Nxd4 13. cxd4 Nd5 14. Bd2 f5 15. Rdc1 b6 {[%emt 0:01:42] [#]} 16. a4 $146 ({Predecessor:} 16. a3 Ba6 17. e3 Rfc8 18. Bb4 Kf7 19. Nd2 Rxc1+ 20. Rxc1 Rc8 21. Rxc8 Bxc8 22. Bxd5 exd5 23. Kf1 {½-½ (23) Vallejo Pons,F (2695)-Nihal,S (2576) St Petersburg 2018}) 16... Ba6 17. a5 Bxe2 18. Bxd5 exd5 19. Re1 Bc4 20. Rxe7 {[%emt 0:00:06] [#] Hoping for Ra3.} Bxb3 21. axb6 axb6 22. Rb1 Bc4 23. Rxb6 Rfe8 24. Rbb7 Rxe7 25. Rxe7 $11 {[%emt 0:00:02][%mdl 4096] Endgame KRB-KRB} Rf8 26. Bb4 h6 27. h4 Rf7 28. Re8+ Kh7 29. h5 Bb3 30. f3 Bd1 31. Kf2 Rb7 32. Bc3 Rc7 33. Re3 Rf7 34. Re1 Bb3 35. Bd2 Bc4 36. Re6 Rf6 37. Re7 Kg8 38. Ke3 f4+ 39. gxf4 Rf5 40. Re5 Rxe5+ (40... Rf6 $14) 41. dxe5 $14 {[%emt 0:01:06][%cal Bd4e5,Be5e6][%mdl 32] [#] Strongly threatening f5. KB-KB} Bb5 $2 (41... Bb3 $16) 42. Kd4 $2 ({White should play} 42. f5 $18 Be8 43. e6) 42... Be2 $11 43. Ke3 $2 ({Don't play} 43. Kxd5 Bxf3+ 44. Kd6 Bxh5 $14) (43. f5 $11) 43... Bb5 $18 44. e6 Be8 45. Kd4 $2 ({White has to play} 45. f5 $18) 45... Bxh5 $11 {[%emt 0:00:05] The position is equal.} 46. Kxd5 {[%emt 0:00:09] Black must now prevent Kd6.} Bxf3+ 47. Kd6 {[%emt 0:00:10] Threatens to win with e7.} Bg4 48. Ke5 Kf8 49. f5 Ke8 50. Bc3 {[%emt 0:03:02] aiming for Kf4.} h5 51. Be1 Bh3 52. Bh4 Bg4 53. Bf2 Bh3 54. Bc5 Bg4 55. Bd6 Bh3 56. Kf4 {[%emt 0:01:37] Kg5 is the strong threat.} g6 $1 {[%emt 0:00:07] Weighted Error Value: White=0.21 (precise) /Black=0.06 (flawless)} 1/2-1/2

[Event "CCC-IM 2022"]
[Site "Ballerup"]
[Date "2022.05.27"]
[Round "5.1"]
[White "Brynell, Stellan"]
[Black "Casper Yukun Liu"]
[Result "1/2-1/2"]
[ECO "A49"]
[WhiteElo "2401"]
[BlackElo "2218"]
[Annotator "TA"]
[PlyCount "54"]
[EventDate "2022.05.25"]
[EventType "tourn"]
[EventCountry "DEN"]
[SourceTitle "playchess.com"]
[Source "ChessBase"]
[SourceQuality "1"]
[TimeControl "5400+30"]

1. d4 Nf6 2. Nf3 g6 3. g3 Bg7 4. Bg2 c6 5. c4 d5 6. cxd5 cxd5 7. Nc3 O-O 8. Ne5 Bf5 {[%emt 0:01:08] seems to push 8...e6 aside.} 9. O-O Ne4 10. Qb3 Nc6 {[%emt 0:01:18] D79: Fianchetto Grünfeld: Symmetrical Variation (6 0-0 c6 7 cxd5 cxd5).} 11. Nxc6 bxc6 12. Be3 Nd6 {[%emt 0:06:29] [#] Black is slightly better.} 13. Qa4 $146 ({Predecessor:} 13. Na4 Nc4 14. Qc3 Rc8 15. b3 Nxe3 16. Qxe3 c5 17. Nxc5 e5 18. Rac1 exd4 19. Qd2 {0-1 (40) Wang,B (1747)-Li,S (2020) Shenzhen 2019}) 13... Qb6 14. b3 $1 Nb5 15. Nxb5 cxb5 16. Qb4 e6 17. Rac1 Rfc8 18. Qd2 Bf8 (18... Rxc1 $11 19. Rxc1 g5) 19. f3 $16 {[%emt 0:04:14][%cal Bf2f3,Bf3f4][%mdl 32] [#] And now g4 would win.} g5 (19... h5 $142) 20. Bxg5 Ba3 21. Rxc8+ Rxc8 22. e4 Bg6 23. exd5 (23. Bf6 $16) 23... e5 $14 24. f4 (24. Be3 $5 Rc2 25. Qd1 $14) 24... Rc2 {[%emt 0:02:15] The position is equal.} 25. Qd1 Rc1 $1 26. Qd2 Rc2 27. Qd1 Rc1 $1 {[%emt 0:00:07] Weighted Error Value: White=0.12 (very precise) /Black=0.15 (very precise)} 1/2-1/2

[Event "CCC-IM 2022"]
[Site "Ballerup"]
[Date "2022.05.27"]
[Round "5.2"]
[White "Kenneskog, Theodor"]
[Black "Ahlander, Bjorn"]
[Result "1/2-1/2"]
[ECO "B90"]
[WhiteElo "2296"]
[BlackElo "2375"]
[Annotator "TA"]
[PlyCount "76"]
[EventDate "2022.05.25"]
[EventType "tourn"]
[EventCountry "DEN"]
[SourceTitle "playchess.com"]
[Source "ChessBase"]
[SourceQuality "1"]
[TimeControl "5400+30"]

1. e4 c5 2. Nf3 d6 3. d4 cxd4 4. Nxd4 Nf6 5. Nc3 a6 6. f3 e5 7. Nb3 Be6 8. Be3 h5 9. Qd2 Nbd7 10. Nd5 {[%emt 0:00:19] B90: Sicilian Najdorf: Unusual White 6th moves, 6 Be3 Ng4 and 6 Be3 e5.} Bxd5 11. exd5 g6 12. O-O-O {[%emt 0:00:07] White has an edge.} Nb6 13. Kb1 Nbxd5 14. Bg5 {[%emt 0:00:50] Hoping for Qxd5.} Be7 $1 15. c4 {[%emt 0:00:30] Recently 15.Bd3 got a lot of attention.} (15. Bc4 {keeps more tension.} Nb6 16. Na5 Rc8 17. Bb3) 15... Nb6 {[%emt 0:01:17] The position is equal.} 16. Bxf6 Bxf6 17. Qxd6 {[%emt 0:00:10] [#]} Be7 $146 ({Predecessor:} 17... Qxd6 18. Rxd6 Na4 19. Be2 Rd8 20. Rhd1 Rxd6 21. Rxd6 Ke7 22. Rd5 Rc8 23. Nd2 Bg7 {0-1 (41) Lei,T (2505)-Praggnanandhaa,R (2617) chess24.com INT 2021}) 18. Qxd8+ Rxd8 19. Rxd8+ Kxd8 20. c5 Na4 21. Bc4 Nxc5 22. Nxc5 Bxc5 23. Bxf7 $11 {[%emt 0:00:06][%mdl 4096] Endgame KRB-KRB} Ke7 24. Bd5 Rd8 25. Rd1 g5 26. Bb3 Rxd1+ 27. Bxd1 {[%emt 0:00:04] KB-KB} Kf6 28. Kc2 Bg1 29. h3 h4 30. Kd3 Kf5 31. Ke2 Bd4 32. b3 a5 33. a4 b6 34. Bc2+ Kf4 35. Be4 Kg3 36. Kf1 Kf4 37. Ke2 Kg3 38. Kf1 Kf4 {Weighted Error Value: White=0.02 (flawless) /Black=0.03 (flawless)} 1/2-1/2

[Event "CCC-IM 2022"]
[Site "Ballerup"]
[Date "2022.05.27"]
[Round "5.3"]
[White "Kistrup, Nicolai"]
[Black "Jacobsen, Mikkel Manosri"]
[Result "1/2-1/2"]
[ECO "B29"]
[WhiteElo "2306"]
[BlackElo "2251"]
[Annotator "TA"]
[PlyCount "135"]
[EventDate "2022.05.25"]
[EventType "tourn"]
[EventCountry "DEN"]
[SourceTitle "playchess.com"]
[Source "ChessBase"]
[SourceQuality "1"]
[TimeControl "5400+30"]

1. e4 c5 2. Nf3 Nf6 3. e5 Nd5 4. Nc3 e6 5. Ne4 f5 6. Nc3 Nxc3 {[%emt 0:00:03] 6...Ne7 is a critical line. B29: Sicilian: 2 Nf3 Nf6 (Nimzowitsch Variation).} 7. dxc3 b6 8. Bf4 Bb7 {[%emt 0:00:54] White is slightly better.} 9. h4 Nc6 10. Qd2 Qc7 11. O-O-O Be7 12. Be2 O-O-O 13. Kb1 {[%emt 0:00:08] [#]} Rdg8 $146 ({Predecessor:} 13... g6 14. Qe3 Na5 15. c4 Ba6 16. b3 Nc6 17. c3 Bb7 18. h5 Rdg8 19. Kb2 Nd8 20. hxg6 hxg6 21. Rxh8 Rxh8 {1-0 (49) Silich,Y (2100)-Trybus,D (1874) Bratislava 2019}) 14. Qe3 Nd8 15. Bb5 Bc6 16. Bxc6 dxc6 17. Qe2 h6 18. a4 Kb7 19. Qc4 Qc8 20. Rdg1 {[%emt 0:02:19] 0x0.001b5b2201a6dp-1022s more active pieces.} Nf7 21. g4 (21. h5 $14) 21... g5 (21... fxg4 $1 $11 22. Rxg4 g5 23. hxg5 hxg5) 22. hxg5 $14 {[%emt 0:01:40] [#] Strongly threatening gxf5.} hxg5 23. Bc1 f4 24. Qe4 Qe8 25. b3 Rh6 ({Better is} 25... a5 $14) 26. Rxh6 $16 Nxh6 27. Nd2 Qg6 28. Qxg6 ({White should try} 28. Qe2 $16) 28... Rxg6 $11 29. c4 Nf7 30. Rh1 Rh6 {[%emt 0:00:47] Against Rh7} 31. Rxh6 Nxh6 {[%emt 0:00:02][%mdl 4096] Endgame KBN-KBN} 32. f3 Nf7 33. Bb2 Bd8 34. Ne4 Bc7 35. Kc1 Kc8 36. Kd2 Kd7 37. Nf6+ Ke7 38. Nh7 a6 39. Bc3 b5 40. Ke2 bxa4 41. bxa4 Bxe5 42. Bxe5 Nxe5 43. Nxg5 Nxc4 {[%emt 0:02:15] KN-KN} 44. Ne4 a5 $1 45. Nxc5 {[%emt 0:00:32] Threatens to win with Kd3.} Kd6 46. Nb7+ Kd5 $1 47. g5 Ke5 48. Nd8 c5 {[%emt 0:08:13] [#]} (48... Kf5 $11) 49. g6 (49. Nb7 $1 $16) 49... Kf6 {[%emt 0:00:18] The position is equal.} 50. g7 Kxg7 51. Nxe6+ Kf6 $1 52. Nxc5 {[%emt 0:00:54] Black must now prevent Kd3.} Ke5 53. Nd3+ Kf5 54. c3 Kg5 55. Nc5 {[%emt 0:00:10] Hoping for Kd3.} Kf5 56. Nd3 Kg5 57. Nc5 {[%emt 0:01:13] Kd3 is the strong threat.} Kf5 58. Nb3 Ke5 59. Kd3 Kd5 60. Ke2 Ke5 61. Nd2 Kd5 62. Nb3 Ke5 63. Nc5 Kf5 64. Nd3 Kg5 65. Nc1 Kf5 66. Kd3 Ne5+ 67. Ke2 Nc4 68. Nb3 {Weighted Error Value: White=0.12 (very precise) /Black=0.10 (very precise)} 1/2-1/2

[Event "CCC-IM 2022"]
[Site "Ballerup"]
[Date "2022.05.27"]
[Round "5.4"]
[White "Nielsen, Thomas Bach"]
[Black "Rostgaard, Tobias Valentin"]
[Result "1-0"]
[ECO "E71"]
[WhiteElo "2189"]
[BlackElo "2339"]
[Annotator "TA"]
[PlyCount "131"]
[EventDate "2022.05.25"]
[EventType "tourn"]
[EventCountry "DEN"]
[SourceTitle "playchess.com"]
[Source "ChessBase"]
[SourceQuality "1"]
[TimeControl "5400+30"]

1. d4 Nf6 2. c4 g6 3. Nc3 Bg7 4. e4 d6 5. h3 O-O 6. Bg5 c5 7. d5 Qa5 8. Bd2 e6 {[%emt 0:01:16] E71: King's Indian: 4 e4 d6 5 h3.} 9. Bd3 Nbd7 (9... Re8 $11) 10. f4 (10. Nf3 $14 {is superior.}) 10... exd5 $11 {[%emt 0:00:55] The position is equal.} 11. exd5 (11. Nxd5 Qd8) 11... Re8+ (11... Qd8 $1 $11) 12. Nge2 $14 {[%emt 0:00:17][%cal Bg1e2,Be2g3,Bg3f5][%mdl 32] [#]} Qd8 $146 ({Predecessor:} 12... b5 13. Nxb5 Qb6 14. Qc2 Nf8 15. g4 Rb8 16. O-O-O Ba6 17. Nbc3 Nxd5 18. Nxd5 Bxb2+ {1-0 (52) Tereick,B (2373)-De Gleria,F (2335) Germany 2013}) 13. O-O a6 14. a4 {[%emt 0:00:17] Against b5} Nf8 15. f5 Bxf5 (15... N8d7 $16) 16. Bxf5 $18 gxf5 17. Ng3 (17. Rxf5 $6 Ne4 $16) 17... Ne4 18. Nxf5 Nxd2 19. Qxd2 Ng6 20. Nxg7 Kxg7 21. Qf2 Qd7 22. Ne2 Re5 {[%emt 0:02:29] [#]} (22... Qe7 $142) 23. Ng3 $1 {[%emt 0:00:38] Strongly threatening Qf6+.} Kg8 24. Nf5 {[%emt 0:02:46] Against Nh4. Threatens to win with Nh6+.} Rf8 (24... Kh8 {was worth a try.} 25. Ra3 Rf8) 25. Nh6+ Kg7 26. Ng4 {[%emt 0:00:08] Threatening mate with Qf6+.} f5 27. Nxe5 Nxe5 28. Qf4 Kh8 29. Ra3 Ng6 30. Qg5 f4 31. h4 Qg7 32. Rd3 Qxb2 33. h5 Ne5 {[%emt 0:01:01] [#]} (33... Rg8 {is tougher.} 34. Rb3 (34. hxg6 Rxg6 35. Qd8+ Rg8 $11) 34... Qxb3 35. Qf6+ Rg7) 34. Rg3 $1 ({Stronger than} 34. Qe7 Rg8 35. Qf6+ Rg7 36. Qd8+ Rg8 37. Qf6+ Rg7 38. Qf8+ Rg8 39. Qf6+ $11) 34... Qd4+ (34... Nf3+ $142 35. Rgxf3 Rg8 36. Qxg8+ Kxg8 37. Rxf4 Kg7) 35. Kh1 Nd3 36. h6 {[%emt 0:05:57] Intending Qg7+ and mate.} Nf2+ {[%emt 0:00:16] [#]} 37. Rxf2 $1 Qd1+ (37... Qa1+ 38. Kh2) 38. Kh2 fxg3+ {[%emt 0:00:08] KQR-KQR} 39. Kh3 Qh1+ 40. Kxg3 Rg8 {[%emt 0:00:16] [#]} 41. Rf8 $3 Qe1+ 42. Kh2 Qe5+ 43. Qxe5+ dxe5 {[%emt 0:00:06] KR-KR} 44. Rf7 (44. Rxg8+ $142 Kxg8 45. d6 Kf7 46. g4 e4 47. g5 e3 48. Kg3 e2 49. Kf2) 44... Rg6 45. Rf8+ (45. Kh3 $142) 45... Rg8 46. Rf7 (46. Rxg8+ $142 Kxg8 47. d6) 46... Rg6 $1 47. Rxb7 Rxh6+ 48. Kg3 Rf6 (48... Kg8 $142 49. Rc7 Rf6 50. Rxc5 Rf4) 49. Re7 Kg8 50. Rxe5 Kf7 51. Kg4 Rb6 52. Kf5 Rf6+ 53. Ke4 {[%emt 0:00:38] Black must now prevent Rf5.} Rg6 54. Rf5+ Ke7 (54... Ke8 $142 55. Ke5 a5) 55. Ke5 {[%emt 0:00:04][%cal Od5d6] And now d6+! would win.} Rxg2 56. d6+ Kd7 57. Rf7+ Kc6 58. Rc7+ Kb6 59. a5+ Kxa5 60. d7 Rg5+ 61. Kd6 {[%emt 0:00:59] White mates.} Rg1 62. Rxc5+ Kb4 63. Rd5 Rg6+ 64. Kc7 Rg7 65. c5 Kc4 66. Kc6 {[%emt 0:01:10] Weighted Error Value: White=0.52/Black=0.70} 1-0

[Event "CCC-IM 2022"]
[Site "Ballerup"]
[Date "2022.05.27"]
[Round "5.5"]
[White "Sahl, Bjarke"]
[Black "Seegert, Kristian"]
[Result "0-1"]
[ECO "C63"]
[WhiteElo "2312"]
[BlackElo "2209"]
[Annotator "TA"]
[PlyCount "66"]
[EventDate "2022.05.25"]
[EventType "tourn"]
[EventCountry "DEN"]
[SourceTitle "playchess.com"]
[Source "ChessBase"]
[SourceQuality "1"]
[TimeControl "5400+30"]

1. e4 e5 2. Nf3 Nc6 3. Bb5 f5 4. d3 fxe4 5. dxe4 Nf6 6. Qe2 (6. O-O $14) 6... Bc5 {[%emt 0:00:27] C63: Ruy Lopez: Schliemann/Jaenisch Defence.} 7. c3 d6 8. Bc4 Qe7 {[%emt 0:07:10] The position is equal.} 9. Bg5 {[%emt 0:16:23] [#]} Bd7 $146 ({Predecessor:} 9... Be6 10. Nbd2 O-O 11. Bxf6 Qxf6 12. O-O-O Kh8 13. Rhf1 a6 14. Bd5 Rab8 15. Ne1 Ne7 16. Bxe6 Qxe6 {1-0 (53) Martinez Alcantara,J (2620)-Shkapenko,P (2424) Chess.com INT 2021}) 10. Nbd2 O-O-O (10... a5 $11 {remains equal.}) 11. b4 $16 Bb6 12. a4 a5 13. O-O ({Don't play} 13. b5 $6 Na7 $11) 13... Bg4 (13... h6 $16 14. Bxf6 Qxf6) 14. Bd5 ({Worse is} 14. b5 Nb8 $11) 14... h6 {[%emt 0:02:03] Threatens to win with ...Bxf3.} 15. Be3 ({White should try} 15. Bxf6 $18 Qxf6 16. Bxc6 bxc6 17. bxa5) 15... Bxe3 16. Qxe3 Nb8 (16... Qe8 $16) 17. bxa5 $18 {[%emt 0:01:12] Black must now prevent Rfb1.} c6 {[%emt 0:01:20] [#]} 18. Bc4 {[%emt 0:00:24] aiming for Rab1.} g5 (18... Qc7 $142 19. Nh4 g5) 19. Rab1 Rd7 $2 (19... Qc7 20. Qa7 Nfd7) 20. a6 bxa6 21. Qb6 Rb7 22. Bxa6 Nxa6 23. Qxa6 {[%emt 0:00:04] White wants to mate with Qa8+.} Qc7 24. Rxb7 $2 (24. Rb4 Nd7 25. Nc4) 24... Qxb7 25. Qd3 {[%emt 0:00:15] Rb1 is the strong threat.} Rd8 26. Rb1 Qa7 27. Qc4 {[%emt 0:01:12] Inhibits Be6.} Kc7 {[%emt 0:01:20] [#]} 28. h3 $1 Bd7 (28... Bxf3 29. Nxf3 Rb8) 29. Qf7 Ne8 30. Qg6 Qxa4 (30... g4 {was necessary.}) 31. Qxh6 g4 32. hxg4 Bxg4 (32... Qa7 $142 33. g5 Rb8 34. Rxb8 Qxb8) 33. Qg7+ $4 Nxg7 {[%emt 0:00:07] What a bad dream for White.  Weighted Error Value: White=0.58/Black=0.63} 0-1

[Event "CCC-IM 2022"]
[Site "Ballerup"]
[Date "2022.05.28"]
[Round "6.1"]
[White "Ahlander, Bjorn"]
[Black "Brynell, Stellan"]
[Result "1/2-1/2"]
[ECO "D41"]
[WhiteElo "2375"]
[BlackElo "2401"]
[Annotator "TA"]
[PlyCount "49"]
[EventDate "2022.05.25"]
[EventType "tourn"]
[EventCountry "DEN"]
[SourceTitle "playchess.com"]
[Source "ChessBase"]
[SourceQuality "1"]
[TimeControl "5400+30"]

1. d4 Nf6 2. c4 e6 3. Nc3 d5 4. Nf3 c5 5. cxd5 Nxd5 6. e3 cxd4 7. exd4 Nxc3 8. bxc3 Qc7 9. Bd2 Nd7 10. Bd3 b6 11. O-O {[%emt 0:02:03] 11.Ng5 deserves study.} Bb7 12. Re1 Bd6 13. Ng5 {[%emt 0:11:00] [#] Strongly threatening Qh5. B22: Sicilian: 2 c3.} Nf6 {[%emt 0:02:37] Prevents Qh5.} 14. Bb5+ Bc6 15. Qf3 Rc8 {[%emt 0:00:16] [#]} (15... Bxh2+ $2 16. Kh1 Bxb5 17. Qxa8+ Qb8 18. Qf3 $18) 16. Bxc6+ $146 (16. Nxe6 $5 fxe6 17. Rxe6+ Kd8 18. Bxc6 Qxc6 19. Bf4 $14) ({Predecessor:} 16. Nxe6 fxe6 17. Rxe6+ Kd8 18. Bxc6 Qxc6 19. Bf4 Qxf3 20. Rxd6+ Ke7 21. gxf3 Rxc3 {½-½ (33) Vachier Lagrave,M (2788)-Pichot,A (2532) Chess.com INT 2016}) 16... Qxc6 17. Ne4 Nxe4 18. Rxe4 O-O 19. Rae1 Rfe8 20. Qh5 g6 21. Qg5 Be7 22. Qe5 Bd6 23. Qg5 Be7 24. Qe5 Bd6 (24... Bf8 $17) 25. Qd5 $2 {[%mdl 40960] Weighted Error Value: White=0.12 (very precise) /Black=0.31. An unexpected result.} 1/2-1/2

[Event "CCC-IM 2022"]
[Site "Ballerup"]
[Date "2022.05.28"]
[Round "6.2"]
[White "Nielsen, Thomas Bach"]
[Black "Kistrup, Nicolai"]
[Result "0-1"]
[ECO "D38"]
[WhiteElo "2189"]
[BlackElo "2306"]
[Annotator "TA"]
[PlyCount "102"]
[EventDate "2022.05.25"]
[EventType "tourn"]
[EventCountry "DEN"]
[SourceTitle "playchess.com"]
[Source "ChessBase"]
[SourceQuality "1"]
[TimeControl "5400+30"]

1. d4 Nf6 2. c4 e6 3. Nf3 d5 4. Nc3 Bb4 5. cxd5 exd5 6. Qa4+ Nc6 7. Bg5 h6 8. Bxf6 Qxf6 9. e3 O-O 10. Be2 a6 11. O-O Be6 12. Rfc1 Rfd8 {[%emt 0:03:51] [#] D38: Queen's Gambit Declined: Ragozin Defence (4 Nf3 Bb4).} 13. Ne5 $146 (13. Bd3 $11) ({Predecessor:} 13. Qd1 Bd6 14. Na4 Ne7 15. Nc5 Bc8 16. b4 Ng6 17. Ne1 Qe7 18. g3 Nf8 19. a4 {0-1 (43) Friedel,J (2524)-Movsesian,S (2677) Reykjavik 2017}) 13... Bxc3 $17 14. Nxc6 Bxb2 {[%emt 0:05:08] Black is better.} 15. Nxd8 Rxd8 16. Rab1 Bxc1 17. Rxc1 c6 18. Qb4 Bc8 19. a4 Qd6 20. Qxd6 Rxd6 $15 {[%emt 0:00:05][%mdl 4096] Endgame KRB-KRB} 21. a5 Kf8 22. Kf1 Ke7 23. Ke1 Kd8 24. Kd2 Kc7 25. Kc3 Bf5 26. Kb4 Be4 27. f3 Bh7 28. Kc5 (28. Kc3 $15) 28... Re6 $17 29. Rc3 Bb1 30. Bf1 g5 31. Rc1 Bg6 32. Rc3 (32. Re1 $17 {was called for.}) 32... Bh5 (32... h5 $19 {is more deadly.} 33. Kb4 Re8) 33. g4 (33. e4 $142) 33... Bg6 34. Bg2 f5 35. gxf5 Bxf5 36. h3 Bg6 37. Bh1 Bf5 38. Bg2 h5 39. Bf1 Re8 40. Bg2 Re7 {[%emt 0:00:03] Black is more active.} (40... h4 $142 41. Kb4 Kd6) 41. Bf1 (41. e4 $142 Be6 42. e5) 41... g4 42. hxg4 hxg4 43. fxg4 Bxg4 44. Bg2 Bf5 45. Kb4 Kd6 46. Kb3 Rg7 47. Bf1 Rg1 48. Bd3 {[%emt 0:00:37][%mdl 8192] Now White is beyond hope.} (48. Be2 $17) 48... Bxd3 $19 {[%emt 0:01:36] Black is clearly winning.} 49. Rxd3 Rb1+ 50. Kc2 {[%emt 0:00:16] [#]} Ra1 51. Rb3 Kc7 {[%emt 0:00:08] Weighted Error Value: White=0.35/Black=0.14 (very precise)} 0-1

[Event "CCC-IM 2022"]
[Site "Ballerup"]
[Date "2022.05.28"]
[Round "6.3"]
[White "Jacobsen, Mikkel Manosri"]
[Black "Sahl, Bjarke"]
[Result "1-0"]
[ECO "A06"]
[WhiteElo "2251"]
[BlackElo "2312"]
[Annotator "TA"]
[PlyCount "107"]
[EventDate "2022.05.25"]
[EventType "tourn"]
[EventCountry "DEN"]
[SourceTitle "playchess.com"]
[Source "ChessBase"]
[SourceQuality "1"]
[TimeControl "5400+30"]

1. Nf3 d5 2. b3 Nf6 3. e3 c6 4. Bb2 Bf5 5. Be2 h6 6. O-O {[%emt 0:01:29] A06: Réti Opening: 1 Nf3 d5.} (6. Bxf6 $5 gxf6 7. O-O $11) 6... Nbd7 7. c4 e6 8. Nc3 {[%emt 0:02:39] The position is equal.} Bh7 9. Rc1 {[%emt 0:02:18] [#]} Be7 $146 ({Predecessor:} 9... Bd6 10. d4 O-O 11. Ne1 Qe7 12. c5 Bc7 13. f4 Ne4 14. b4 f6 15. Bd3 Nxc3 16. Bxc3 {½-½ (65) Ernst,W-Elsas,H Essen 1947}) 10. cxd5 cxd5 11. d4 O-O 12. Ne5 Qa5 13. Nxd7 Nxd7 14. a3 Rfc8 (14... Bxa3 $2 15. Ra1 $18) 15. Na4 Qd8 16. Qd2 Nf6 17. f3 {[%emt 0:00:28] Prevents Ne4.} Ne8 18. Nc5 Nd6 19. g3 Rc7 20. Kg2 Rac8 21. a4 Qf8 (21... Bg5 $15) 22. g4 (22. Nd3 $11) 22... Bg6 (22... b6 $17 23. Nd3 f5) 23. h3 $11 Qd8 24. Rfd1 Bf8 25. Bd3 Bxd3 (25... Qg5 {looks sharper.} 26. Bxg6 Qxg6 27. Nd3 Nf5) 26. Nxd3 Rxc1 27. Rxc1 Rxc1 28. Qxc1 Qc8 29. Qxc8 Nxc8 {[%emt 0:00:05][%cal Bd6c8,Bc8e7,Be7c6][%mdl 4128] Endgame KBN-KBN} 30. e4 Ne7 31. Bc3 Nc6 32. b4 a6 33. Nc5 Bxc5 34. dxc5 {[%emt 0:00:15] KB-KN} f6 {[%emt 0:00:11] White stays focused until the end.} (34... d4 $16 35. Bd2 Kf8) 35. exd5 $18 exd5 36. b5 axb5 37. axb5 Na7 38. c6 $1 ({Worse is} 38. b6 Nc6 $11) 38... b6 {[%emt 0:00:06] [#]} 39. Bd4 $1 Nxb5 $2 (39... Nc8 40. f4 Kf7) 40. Bxb6 Kf7 {[%emt 0:00:10] [#]} 41. c7 $1 Nd6 42. Bc5 Nc8 43. h4 g6 (43... Ke8 $142 44. h5 Kd7) 44. h5 f5 45. gxf5 gxh5 46. Kg3 {[%emt 0:00:30] White threatens Bd4 and mate.} Kf6 47. Kf4 {[%emt 0:00:06] Intending Bd4+ and mate.} h4 48. Bd4+ Ke7 49. Ke5 $2 (49. f6+ Ke6 50. Kg4) 49... h3 $2 (49... Kd7 50. f6 (50. Kxd5 Ne7+ 51. Ke4 Kxc7 $16) 50... h3) 50. Bg1 Kd7 51. f6 (51. Kxd5 $18 {is the precise move to win. f6 is the strong threat.} Ne7+ 52. Ke5 (52. Ke4 Kxc7 53. f6 Ng6 $18) 52... Nc6+ 53. Kf6 Kxc7 54. Kg7) 51... Nd6 $2 (51... d4 $16) 52. Kxd5 {[%emt 0:01:55] White mates.} Ne8 53. c8=Q+ Kxc8 54. Ke6 {[%emt 0:00:09] Weighted Error Value: White=0.29 (precise) /Black=0.63} 1-0